 Dungeon Crawl Stone Soup version 0.17-a0-2002-g92c7e20 (webtiles) character file.

1640 4thArraOfDagon the Cleaver (level 8, 0/111 HPs)
             Began as a Deep Dwarf Berserker on Oct 8, 2015.
             Was a Believer of Trog.
             Slain by a catoblepas (26 damage)
             ... on level 11 of the Dungeon.
             The game lasted 00:05:13 (922 turns).

4thArraOfDagon the Cleaver (Deep Dwarf Berserker)    Turns: 922, Time: 00:05:14

Health: 0/111      AC:  7    Str: 26    XL:     8   Next: 66%
Magic:  11/12      EV: 11    Int: 10    God:    Trog [**....]
Gold:   88         SH:  0    Dex: 12    Spells: 0 memorised, 7 levels left

rFire  . . .     SeeInvis .     k - +1 hand axe (freeze)
rCold  . . .     Clarity  .     i - +0 ring mail
rNeg   . . .     SustAt   .     (no shield)
rPois  .         Gourm    .     (no helmet)
rElec  .         Spirit   .     b - +0 cloak
rCorr  .         Warding  .     (no gloves)
rMut   .         Stasis   .     (no boots)
MR     +....                    (no amulet)
Stlth  ..........               (no ring)
                                l - ring of stealth

@: berserking (expiring), non-regenerating, very quick, somewhat resistant to
hostile enchantments, extremely unstealthy
A: damage resistance, recharge devices, sense surroundings 1, slow regeneration
3
a: Device Recharging, Burn Spellbooks, Berserk, Trog's Hand, Renounce Religion


You were on level 11 of the Dungeon.
You worshipped Trog.
Trog was pleased with you.
You were not hungry.

You visited 1 branch of the dungeon, and saw 11 of its levels.

You collected 88 gold pieces.

Inventory:

Hand Weapons
 a - a +0 hand axe
 k - a +1 hand axe of freezing (weapon)
Armour
 b - a +0 cloak (worn)
 i - a +0 ring mail (worn)
Jewellery
 l - a ring of stealth (left hand)
Wands
 c - a wand of heal wounds (1)
Scrolls
 e - a scroll of identify
 h - a scroll of magic mapping
 j - a scroll of fear
Comestibles
 d - 2 bread rations
 f - 4 chunks of flesh
 g - a meat ration


   Skills:
 + Level 5.3 Fighting
 * Level 8.5 Axes
 + Level 5.9 Armour
 - Level 2.1 Dodging
 + Level 5.4 Evocations


You had 7 spell levels left.
You didn't know any spells.

Dungeon Overview and Level Annotations

Branches:
Dungeon (11/15)
 Temple: D:4-7         Lair: D:8-11         Orc: D:9-12

Altars:
Zin
The Shining One


Innate Abilities, Weirdness & Mutations

You are resistant to damage.
You can recharge devices by infusing magical energy.
You passively map a small area around you.
You do not regenerate naturally.


Message History

Your Evocations skill increases to level 5!
Unknown command.
Unknown command.
You slash the catoblepas! You freeze the catoblepas.
The catoblepas is moderately wounded.
The catoblepas gores you!!
* * * LOW HITPOINT WARNING * * *
Unknown command.
You slash the catoblepas! You freeze the catoblepas.
The catoblepas is heavily wounded.
The catoblepas closely misses you.
Unknown command.
Unknown command.
You slash the catoblepas! You freeze the catoblepas.
The catoblepas is severely wounded.
Unknown command.
You hit the catoblepas but do no damage.
The catoblepas is severely wounded.
The catoblepas gores you!!
You die...

#.........#.####.#..........#
#.............#...z.........+
,
#.......###.......###.......#
####.....#.........#.$...####
#...#..#..#...#..#z.#..#
#...#######...#######....
#...#..#..#...#..# ...
###......#...).....#, , ,
#.......###.@†....##* *
#...###....Y.###.... , #....
#........#,....,, ....#(
#..#.o#.?# * . ....##
####..#### * ,, ... ,,*
,#..#,, .. ..Y., * ...... * ,
..###... ,


You could see a catoblepas, an orc warrior (petrified) and a wight.

Vanquished Creatures
  An ugly thing (D:11)
  A two-headed ogre (D:11)
  Grum (D:8)
  4 wolves (D:8)
  A crocodile (D:8)
  A giant frog (D:8)
  A scorpion (D:7)
  5 orc wizards
  An orc priest (D:4)
  A worker ant (D:4)
  Natasha (twice) (D:4)
  A hound zombie (D:11)
  3 gnolls (D:3)
  A shadow imp (D:6)
  An adder (D:4)
  An adder skeleton (D:4)
  An adder zombie (D:4)
  4 orcs
  A ball python (D:3)
  A hobgoblin (D:3)
  A quokka (D:4)
  2 giant geckos
36 creatures vanquished.

Notes
Turn   | Place    | Note
--------------------------------------------------------------
     0 | D:1      | 4thArraOfDagon the Deep Dwarf Berserker began the quest for the Orb.
     0 | D:1      | Reached XP level 1. HP: 20/20 MP: 1/1
    20 | D:3      | Reached XP level 2. HP: 27/27 MP: 2/2
    23 | D:3      | Reached skill level 4 in Axes
    23 | D:3      | Reached XP level 3. HP: 34/34 MP: 3/3
    40 | D:2      | Found a glowing golden altar of the Shining One.
    65 | D:3      | Found a glowing silver altar of Zin.
   175 | D:4      | Reached XP level 4. HP: 28/42 MP: 4/4
   180 | D:4      | Reached skill level 5 in Axes
   207 | D:4      | Noticed Natasha
   250 | D:4      | Killed Natasha
   250 | D:4      | Reached XP level 5. HP: 45/49 MP: 5/5
   316 | D:4      | Noticed Natasha
   343 | D:4      | Killed Natasha
   343 | D:4      | Acquired Trog's second power
   343 | D:4      | Reached skill level 1 in Evocations
   383 | D:5      | Entered Level 5 of the Dungeon
   536 | D:7      | WHY
   537 | D:7      | Reached XP level 6. HP: 57/57 MP: 5/7
   615 | D:8      | Reached skill level 6 in Axes
   676 | D:8      | Noticed a wolf
   677 | D:8      | Noticed a wolf
   677 | D:8      | Noticed a wolf
   677 | D:8      | Noticed a wolf
   679 | D:8      | Noticed Grum
   686 | D:8      | Killed a wolf
   686 | D:8      | Reached XP level 7. HP: 41/64 MP: 7/9
   687 | D:8      | Killed a wolf
   689 | D:8      | Killed a wolf
   689 | D:8      | Reached skill level 7 in Axes
   689 | D:8      | Killed a wolf
   689 | D:8      | Reached skill level 5 in Armour
   698 | D:8      | Killed Grum
   698 | D:8      | Reached XP level 8. HP: 16/73 MP: 8/11
   812 | D:10     | Entered Level 10 of the Dungeon
   906 | D:11     | Noticed a cyan ugly thing
   906 | D:11     | Noticed a two-headed ogre
   909 | D:11     | Noticed a catoblepas
   915 | D:11     | Killed a two-headed ogre
   915 | D:11     | Reached skill level 5 in Fighting
   917 | D:11     | Killed a cyan ugly thing
   917 | D:11     | Reached skill level 8 in Axes
   917 | D:11     | Reached skill level 5 in Evocations
   922 | D:11     | Slain by a catoblepas

Vault maps used:
D:1:      dpeg_arrival_simpleton_b
D:2:      lemuel_coloured_pillars_altar, tso_metal_star, first_bread,
          minmay_item_behind_shaft, grunt_ministairs_14, uniq_robin
D:3:      nicolae_overflow_crystal_walls, overflow_temple_1_default,
          serial_park_tiny_pond
D:4:      patterned_corridor, uniq_natasha
D:5:      minmay_temple_entry_glassed_door
D:6:      xom_redecorated, kennysheep_little_box, uniq_eustachio
D:8:      gammafunk_temple_overflow_elements, uniq_pikel, uniq_grum, uniq_erica
D:9:      dpeg_oklobed_lair
D:10:     hangedman_fish_farm, grunt_ministairs_3, grunt_decor_resistance
D:11:     hangedman_cross_cluster

Action                   |  1- 3 |  4- 6 |  7- 9 || total
-------------------------+-------+-------+-------++-------
Melee: Hand axe          |    10 |    68 |    29 ||   107
Invok: Berserk           |     2 |     5 |     1 ||     8
       Trog's Hand       |       |     4 |     2 ||     6
Evoke: Wand              |       |     4 |       ||     4
  Use: Scroll            |       |     2 |       ||     2
       Potion            |       |       |     1 ||     1
  Eat: Chunk             |       |     6 |     2 ||     8
